 Dungeon Crawl Stone Soup version 0.19-a0-721-gd1b5c2a (webtiles) character file.

632 AlphabetPasta the Conjurer (level 7, -4/48 HPs)
             Began as a Formicid Conjurer on June 21, 2016.
             Slain by Edmund
             ... wielding a +0 dire flail
              (9 damage)
             ... on level 3 of the Dungeon.
             The game lasted 00:16:08 (3567 turns).

AlphabetPasta the Conjurer (Formicid Conjurer)      Turns: 3567, Time: 00:16:09

Health: -4/48      AC:  2    Str: 13    XL:     7   Next: 78%
Magic:  5/12       EV: 12    Int: 16    God:
Gold:   98         SH:  0    Dex: 11    Spells: 3 memorised, 7 levels left

rFire  . . .     SeeInvis +     o - staff of earth
rCold  . . .     Gourm    .     a - +0 robe
rNeg   . . .     Faith    .     (no shield)
rPois  .         Spirit   .     (helmet unavailable)
rElec  .         Dismiss  .     (no cloak)
rCorr  .         Reflect  .     (no gloves)
SustAt .         Harm     .     (no boots)
MR     .....                    (no amulet)
Stlth  ++........               (no ring)
                                (no ring)

@: not resistant to hostile enchantments, unstealthy
A: permanent stasis, dig shafts and tunnels, four strong arms, antennae 3
a: Dig, Shaft Self


You were on level 3 of the Dungeon.
You were not hungry.

You visited 1 branch of the dungeon, and saw 4 of its levels.

You collected 98 gold pieces.

Inventory:

Armour
 a - a +0 robe (worn)
 t - a +0 buckler
Magical Staves
 o - an uncursed staff of earth (weapon)
Jewellery
 e - a +3 ring of intelligence {unknown}
Wands
 r - a wand of iceblast (1/15)
Scrolls
 l - a scroll of fog
Potions
 h - a potion of flight {unknown}
 k - a potion of heal wounds {unknown}
 s - a potion of haste {unknown}
Books
 b - a book of Conjurations

   Spells                             Type                      Level
   a - Magic Dart                     Conjuration                  1
   b - Searing Ray                    Conjuration                  2
   c - Dazzling Spray                 Conjuration/Hexes            3
   d - Fulminant Prism                Conjuration/Hexes            4
   e - Iskenderun's Mystic Blast      Conjuration                  4
   f - Iskenderun's Battlesphere      Conjuration/Charms           5
Comestibles
 c - 3 bread rations
 v - a meat ration


   Skills:
 - Level 1.4 Fighting
 + Level 2.4 Staves
 - Level 2.4 Dodging
 - Level 2.4 Stealth
 + Level 2.8 Shields
 + Level 3.9 Spellcasting
 * Level 5.6 Conjurations
 + Level 2.7 Evocations


You had 7 spell levels left.
You knew the following spells:

 Your Spells              Type           Power        Failure   Level  Hunger
a - Magic Dart            Conj           ###.         1%          1    None
b - Searing Ray           Conj           ###...       2%          2    ##.....
c - Dazzling Spray        Conj/Hex       ##....       17%         3    ###....


Dungeon Overview and Level Annotations

Branches:
Dungeon (4/15)
 Temple: D:4-7

Altars:

Annotations:
D:3 Edmund
D:4 Robin


Innate Abilities, Weirdness & Mutations

You are under a permanent stasis effect.
You can dig through walls and to a lower floor.
Your four strong arms can wield two-handed weapons with a shield.
You have a pair of large antennae on your head. (SInv)


Message History

Edmund is moderately wounded.
Edmund hits you with a dire flail!
The searing ray hits Edmund.
Edmund is moderately wounded.
Edmund hits you with a dire flail!
The searing ray misses Edmund.
You finish channeling your searing ray.
Edmund hits you with a dire flail!
* * * LOW HITPOINT WARNING * * *
There is an escape hatch in the ceiling here.
You feel better. Edmund hits you with a dire flail!
* * * LOW HITPOINT WARNING * * *
A mysterious force pulls you upwards. The hatch slams shut behind you.
You feel better. Edmund hits you with a dire flail!
* * * LOW HITPOINT WARNING * * *
You feel better. Edmund hits you with a dire flail.
* * * LOW HITPOINT WARNING * * *
Are you sure you want to shaft yourself?
You feel somewhat more hungry. Edmund hits you with a dire flail!
You die...

#.# #......#.#.....#.##.#
#.# #......#.#.#####....#
#.# ####'#.#.........#..#
#.#######)#'###.#####.#..#
##.##.........##.#...#.####
##[##.........##.#.#.#.#
....'.........##.#.#.#.#
##.##.........##@#.#.#.#
##.##.........##@#<#.#.#
.#.##.........##.###.#.#
.#.##.........##.....#.#
.#.##.........########.#
.#.##.........########.#
.#(##.........'........#
...##.........##########
#..##.........#
..>##.........#


You could see Edmund.

Vanquished Creatures
  Pikel (D:4)
  A sky beast (D:3)
  A slave (D:4)
  2 adders (D:2)
  3 dart slugs
  A giant gecko (D:2)
  2 ball pythons (D:1)
  7 bats
  5 giant cockroaches
  6 goblins
  8 hobgoblins
  9 kobolds
  A quokka (D:2)
  6 giant newts
  7 rats
60 creatures vanquished.

Notes
Turn   | Place    | Note
--------------------------------------------------------------
     0 | D:1      | AlphabetPasta the Formicid Conjurer began the quest for the Orb.
     0 | D:1      | Reached XP level 1. HP: 13/13 MP: 3/3
   384 | D:1      | Reached XP level 2. HP: 19/19 MP: 1/5
   388 | D:1      | Learned a level 2 spell: Searing Ray
   816 | D:1      | Reached XP level 3. HP: 22/24 MP: 0/6
   821 | D:1      | Learned a level 3 spell: Dazzling Spray
  1683 | D:2      | Reached skill level 1 in Fighting
  1683 | D:2      | Reached skill level 4 in Conjurations
  1804 | D:2      | Reached XP level 4. HP: 32/32 MP: 4/7
  2659 | D:3      | Noticed a sky beast
  2684 | D:3      | Killed a sky beast
  2684 | D:3      | Reached skill level 1 in Staves
  2684 | D:3      | Reached skill level 1 in Shields
  2684 | D:3      | Reached skill level 1 in Evocations
  2684 | D:3      | Reached XP level 5. HP: 11/37 MP: 0/9
  3338 | D:4      | Noticed Pikel
  3338 | D:4      | Noticed a slave
  3338 | D:4      | Noticed a slave
  3338 | D:4      | Noticed a slave
  3339 | D:4      | Noticed a slave
  3352 | D:4      | Killed a slave
  3353 | D:4      | Killed Pikel
  3353 | D:4      | Reached skill level 5 in Conjurations
  3353 | D:4      | Reached XP level 6. HP: 35/43 MP: 1/11
  3353 | D:4      | Reached XP level 7. HP: 40/48 MP: 1/12
  3375 | D:4      | Noticed Robin
  3543 | D:4      | Noticed Edmund
  3554 | D:4      | HP: 2/48 [Edmund/dire flail (12)]
  3567 | D:3      | Slain by Edmund

Vault maps used:
D:1:      mrwooster_arrival_statue
D:3:      first_bread
D:4:      nicolae_overflow_hidden_temple, grunt_ministairs_6, uniq_robin,
          uniq_edmund, uniq_pikel

Skill      XL: |  1  2  3  4  5 |
---------------+----------------+-----
Dodging        | 2 |  2.4
Fighting       | 1 |  1.4
Conjurations   | 4 5 |  5.6
Staves         | 1 2 |  2.4
Shields        | 1 2 |  2.8
Spellcasting   | 3 |  3.9
Evocations     | 1 2 |  2.7
Stealth        | |  2.4

Action                   |  1- 3 |  4- 6 |  7- 9 || total
-------------------------+-------+-------+-------++-------
Melee: Unarmed           |    15 |     4 |       ||    19
       Staff             |       |     5 |     3 ||     8
 Cast: Magic Dart        |    71 |    40 |     3 ||   114
       Searing Ray       |     1 |     6 |     2 ||     9
 Abil: Shaft Self        |       |       |     1 ||     1
Evoke: Wand              |       |     1 |     1 ||     2
  Use: Scroll            |       |     9 |       ||     9
       Potion            |       |       |     3 ||     3
 Stab: Sleeping          |     1 |       |       ||     1
  Eat: Chunk             |     4 |     4 |       ||     8
       Royal jelly       |       |       |     1 ||     1
Armor: Robe              |     3 |     1 |     1 ||     5
Dodge: Dodged            |    18 |    14 |     2 ||    34
